 Dungeon Crawl Stone Soup version 0.23.2 (webtiles) character file.

Game seed: 16393157023454214256

482 Fang the Skirmisher (level 7, -8/66 HPs)
             Began as a Gargoyle Berserker on Apr 4, 2019.
             Was an Elder of Trog.
             Killed by divine providence
             ... invoked by an orc priest
              (14 damage)
             ... on level 4 of the Dungeon.
             The game lasted 00:03:26 (2815 turns).

Fang the Skirmisher (Gargoyle Berserker)            Turns: 2815, Time: 00:03:27

Health: -8/66      AC:  7    Str: 28    XL:     7   Next: 12%
Magic:  7/7        EV: 13    Int:  7    God:    Trog [****..]
Gold:   179        SH:  0    Dex:  9    Spells: 6/6 levels left

rFire    . . .     SeeInvis .   a - +0 war axe
rCold    + . .     Gourm    .   (no shield)
rNeg     + . .     Faith    .   b - +0 animal skin
rPois    ∞         Spirit   .   (no helmet)
rElec    +         Reflect  .   r - scarf {repulsion}
rCorr    .         Harm     .   (no gloves)
MR       ++...                  (no boots)
Stlth    ..........             (no amulet)
HPRegen  1.21/turn              j - ring of protection from cold
MPRegen  0.10/turn              (no ring)

@: berserking (expiring), regenerating, repel missiles, very quick
A: negative energy resistance 1, electricity resistance, unbreathing,
petrification resistance, rot immunity, AC +4
a: Berserk, Trog's Hand, Brothers in Arms, Renounce Religion


You were on level 4 of the Dungeon.
You worshipped Trog.
Trog was greatly pleased with you.
You were very hungry.

You visited 1 branch of the dungeon, and saw 4 of its levels.
You also visited: Sewer.

You collected 179 gold pieces.

Inventory:

Hand Weapons
 a - a +0 war axe (weapon)
Armour
 b - a +0 animal skin (worn)
 r - a scarf of repulsion (worn)
Jewellery
 j - a ring of protection from cold (left hand)
Scrolls
 d - 5 scrolls of teleportation {unknown}
 e - 6 scrolls of identify {unknown}
 l - a scroll of remove curse {unknown}
 m - a scroll of noise {unknown}
 q - a scroll of blinking {unknown}
Potions
 g - 2 potions of curing {unknown}
 h - a potion of lignification {unknown}
 i - 2 potions of might {unknown}
 k - 2 potions of heal wounds {unknown}
 n - a potion of cancellation {unknown}
 o - 2 potions of flight {unknown}
 p - a potion of magic {unknown}
Comestibles
 c - 7 rations
 f - 10 chunks of flesh


   Skills:
 + Level 5.1 Fighting
 + Level 4.2 Axes
 + Level 4.4 Armour
 + Level 3.3 Dodging


You had 6 spell levels left.
You didn't know any spells.
Your spell library was empty.

Dungeon Overview and Level Annotations

Branches:
Dungeon (4/15)
 Temple: D:4-7

Altars:


Innate Abilities, Weirdness & Mutations

You are resistant to torment.
Your stone body is resilient. (AC +4)
You are immune to poison.
You resist negative energy. (rN+)
You are resistant to electric shocks. (rElec)
You can survive without breathing.
You are immune to petrification.
You are immune to rotting.


Message History

The worker ant bites you but does no damage.
The hound bites you.
* * * LOW HITPOINT WARNING * * *
An orc comes into view. It is wielding a +0 hand axe.
The adder bites you but does no damage. The orc priest hits you.
* * * LOW HITPOINT WARNING * * *
A red film seems to cover your vision as you go berserk!
You feel yourself moving faster!
You feel mighty!
You are feeling very hungry.
The hound barely misses you. The worker ant closely misses you.
The adder bites you but does no damage. The hound bites you.
* * * LOW HITPOINT WARNING * * *
An orc priest comes into view. It is wielding a +0 mace.
The worker ant closely misses you.
You feel a strong urge to attack something.
The adder bites you.
* * * LOW HITPOINT WARNING * * *
The orc priest calls down the wrath of Beogh upon you.
Beogh smites you!
You die...

..........
#.........
......... ##....#
#.....#
#.....#####
##+####.hSa......
........o.o..####
........##@.....#
.......<##o#.##.#
........##.#...
........##.# ##.#
........##.# #
...........#
.......#####
....... .......


You could see a hound, a worker ant, 2 orc priests, an adder and an orc.

Vanquished Creatures
  Purgy (Sewer)
  An ogre (D:3)
  3 orc priests (D:3)
  Terence (D:2)
  5 adders
  A river rat (D:3)
  2 oozes (D:2)
  3 worms (D:3)
  2 leopard geckos
  9 orcs (D:3)
  8 bats
  4 giant cockroaches
  11 goblins
  6 hobgoblins
  16 jackals
  10 kobolds
  2 quokkas
  4 ball pythons
  9 frilled lizards
  6 rats
104 creatures vanquished.

Notes
Turn   | Place    | Note
-------+----------+-------------------------------------------
     0 | D:1      | Fang the Gargoyle Berserker began the quest for the Orb.
     0 | D:1      | Reached XP level 1. HP: 14/14 MP: 1/1
    22 | D:1      | Reached XP level 2. HP: 19/19 MP: 2/2
   502 | D:1      | Reached XP level 3. HP: 20/23 MP: 3/3
   745 | D:2      | Reached ** piety under Trog
   827 | D:2      | Reached XP level 4. HP: 21/29 MP: 4/4
  1000 | D:2      | Reached skill level 4 in Fighting
  1259 | D:2      | Noticed Terence
  1272 | D:2      | Killed Terence
  1581 | D:3      | Reached XP level 5. HP: 33/33 MP: 5/5
  1605 | D:3      | Reached *** piety under Trog
  1726 | D:3      | Reached XP level 6. HP: 10/39 MP: 6/6
  2019 | D:3      | Found a glowing drain.
  2029 | Sewer    | Entered a sewer
  2084 | Sewer    | Noticed Purgy
  2094 | Sewer    | Killed Purgy
  2094 | Sewer    | Reached skill level 5 in Fighting
  2252 | Sewer    | Reached XP level 7. HP: 44/44 MP: 7/7
  2530 | D:3      | Reached **** piety under Trog
  2815 | D:4      | Killed from afar by an orc priest

Skill      XL: |  1  2  3  4  5  6 |
---------------+-------------------+-----
Axes           | 3 4 |  4.2
Dodging        | 2 3 |  3.3
Armour         | 3 4 |  4.4
Fighting       | 4 5 |  5.1

Action                   |  1- 3 |  4- 6 |  7- 9 || total
-------------------------+-------+-------+-------++-------
Melee: Hand axe          |   110 |   119 |       ||   229
       War axe           |       |    38 |    79 ||   117
Invok: Berserk           |       |     4 |     1 ||     5
       Trog's Hand       |       |       |     1 ||     1
 Stab: Sleeping          |       |     1 |       ||     1
  Eat: Chunk             |       |     8 |     2 ||    10
Armor: Animal skin       |    54 |    63 |    37 ||   154
Dodge: Dodged            |   121 |   113 |    93 ||   327
       Deflected         |       |       |     2 ||     2
